 Dungeon Sprint DCSS version 0.17-a0-1760-ga6756ae (webtiles) character file.

611 Kidiri the Basher (level 7, 0/75 HPs)
             Began as a Troll Fighter on Sept 3, 2015.
             Was an Initiate of Trog.
             Succumbed to Sonja's curare-tipped needle
             ... in the Dungeon (Sprint I: "Red Sonja").
             The game lasted 00:02:42 (417 turns).

Kidiri the Basher (Troll Fighter)                    Turns: 417, Time: 00:02:43

Health: 0/75       AC:  6    Str: 27    XL:     7   Next: 20%
Magic:  6/6        EV: 12    Int:  4    God:    Trog [......]
Gold:   367        SH:  0    Dex:  9    Spells: 0 memorised, 6 levels left

rFire  . . .     SeeInvis .     g - +0 giant spiked club
rCold  . . .     Clarity  .     b - +0 robe
rNeg   . . .     SustAt   .     (no shield)
rPois  .         Gourm    +     (helmet restricted)
rElec  .         Spirit   .     f - +0 cloak
rCorr  .         Warding  .     (gloves unavailable)
rMut   .         NoTele   +     (boots unavailable)
MR     .....                    (no amulet)
Stlth  +.........               (no ring)
                                (no ring)

@: lethally poisoned (0 -> -46), slowed, very slow, not resistant to hostile
enchantments, very unstealthy
A: unfitting armour, claws 3, fast metabolism 3, gourmand, regeneration 2,
shaggy fur 1, tough skin 2
a: Burn Spellbooks, Renounce Religion


You were in the Dungeon.
You worshipped Trog.
Trog was noncommittal.
You were not hungry.

You visited 1 branch You collected 430 gold pieces.
You spent 63 gold pieces at shops.

Inventory:

Hand weapons
 g - a +0 giant spiked club (weapon)
Armour
 b - a +0 robe (worn)
 f - a +0 cloak (worn)
Magical devices
 a - a wand of random effects (15)
Scrolls
 k - a scroll of blinking
Potions
 d - a potion of might
 h - a potion of haste
 i - 4 potions of magic
 j - a potion of berserk rage
Comestibles
 e - a bread ration


   Skills:
 + Level 6.1 Fighting
 * Level 8.8 Maces & Flails
 * Level 8.3 Dodging
   Level 4.8 Shields


You had 6 spell levels left.
You didn't know any spells.

Dungeon Overview and Level Annotations

Branches:
Dungeon (1/1)

Altars:
Cheibriados
Dithmenos
Elyvilon
Fedhas
Gozag
Kikubaaqudgha
Makhleb
Nemelex Xobeh
Okawaru
Qazlal
Ru
Sif Muna
Trog
Vehumet
Xom
Yredelemnul
Zin
The Shining One
Jiyva

Shops:
D [

Annotations:
D Sonja


Innate Abilities, Weirdness & Mutations

You are too large for most types of armour.
You have claws for hands.
Your metabolism is lightning-fast.
You like to eat raw meat.
You heal very quickly.
You are covered in fur (AC +1).
You have very tough skin (AC +2).


Message History

You have difficulty breathing.
You feel as though you will be slow longer.
* * * LOW HITPOINT WARNING * * *
You feel extremely sick.
Sonja shoots a curare-tipped needle.
The curare-tipped needle barely misses you.
There is an open door here.
You see here 2 curare-tipped needles.
Unknown command.
Unknown command.
* * * LOW HITPOINT WARNING * * *
You feel extremely sick.
Sonja gestures wildly while chanting.
Sonja blinks!
Unknown command.
* * * LOW HITPOINT WARNING * * *
You feel extremely sick.
Sonja says, "I'm academy-trained, you know."
Unknown command.
You die...

######################
#<.#[.'..#..'..#__#..+
#..'..#).'..#..'..'..#
#..#####+#####'#__####
#..####..#...#(####
#..#__####..##K#
#..#_..__##+#@.+
#⌠⌠#_.∩...+..._#
####_..._##_.#+#
#_____###(#.# #######
#(### +$.$+ #$.$#
##.## #+#


You could see Sonja.

Vanquished Creatures
  A slime creature (D)
  Sigmund (D)
  A yak (D)
  An ogre (D)
  A jelly (D)
  Ijyb (D)
6 creatures vanquished.

Notes
Turn   | Place    | Note
--------------------------------------------------------------
     0 | D        | Kidiri the Troll Fighter began the quest for the Orb.
     0 | D        | Reached XP level 1. HP: 22/22 MP: 0/0
     2 | D        | Noticed Ijyb
    11 | D        | Killed Ijyb
    11 | D        | Reached skill level 3 in Fighting
    11 | D        | Reached XP level 2. HP: 28/31 MP: 1/1
   118 | D        | Noticed an ogre
   129 | D        | Killed an ogre
   129 | D        | Reached skill level 4 in Maces & Flails
   129 | D        | Reached XP level 3. HP: 13/39 MP: 2/2
   129 | D        | Reached XP level 4. HP: 16/48 MP: 3/3
   201 | D        | Noticed Sigmund
   222 | D        | Killed Sigmund
   222 | D        | Reached skill level 6 in Maces & Flails
   222 | D        | Reached XP level 5. HP: 24/55 MP: 4/4
   222 | D        | Reached XP level 6. HP: 28/65 MP: 5/5
   295 | D        | Found a snail-covered altar of Cheibriados.
   295 | D        | Found a viscous altar of Jiyva.
   295 | D        | Found a shadowy altar of Dithmenos.
   295 | D        | Found a blossoming altar of Fedhas.
   295 | D        | Noticed a slime creature
   298 | D        | Killed a slime creature
   298 | D        | Reached skill level 5 in Fighting
   298 | D        | Reached skill level 8 in Maces & Flails
   323 | D        | Found a deep blue altar of Sif Muna.
   323 | D        | Noticed a jelly
   325 | D        | Found a radiant altar of Vehumet.
   329 | D        | Killed a jelly
   375 | D        | Found Ceidibip's Armour Emporium.
   375 | D        | Found a white marble altar of Elyvilon.
   375 | D        | Found a stormy altar of Qazlal.
   375 | D        | Found a burning altar of Makhleb.
   375 | D        | Found a sacrificial altar of Ru.
   375 | D        | Found a basalt altar of Yredelemnul.
   375 | D        | Found a glowing golden altar of the Shining One.
   375 | D        | Found a sparkling altar of Nemelex Xobeh.
   375 | D        | Found a shimmering altar of Xom.
   375 | D        | Found an opulent altar of Gozag.
   375 | D        | Found an ancient bone altar of Kikubaaqudgha.
   375 | D        | Found a glowing silver altar of Zin.
   375 | D        | Noticed a yak
   378 | D        | Killed a yak
   378 | D        | Reached XP level 7. HP: 72/75 MP: 6/6
   379 | D        | Found an iron altar of Okawaru.
   380 | D        | Found a bloodstained altar of Trog.
   388 | D        | Became a worshipper of Trog the Wrathful
   393 | D        | Bought a +0 cloak for 63 gold pieces
   408 | D        | Noticed Sonja
   417 | D        | Succumbed to Sonja's curare-tipped needle

Vault maps used:
D:        dungeon_sprint_1

Action                   |  1- 3 |  4- 6 |  7- 9 || total
-------------------------+-------+-------+-------++-------
Melee: Flail             |    18 |       |       ||    18
       Giant spiked club |       |    19 |     2 ||    21
  Use: Potion            |     1 |     1 |     1 ||     3
  Eat: Bread ration      |       |     1 |       ||     1
